 Dungeon Crawl Stone Soup version 0.20.1-1-g8b1a95d (webtiles) character file.

44 pTCGFNYNwU3Fd6TS the Charmwright (level 3, -7/28 HPs)
             Began as a Merfolk Skald on Nov 1, 2017.
             Mangled by a worm (8 damage)
             ... on level 2 of the Dungeon.
             The game lasted 00:15:08 (2518 turns).

pTCGFNYNwU3Fd6TS the Charmwright (Merfolk Skald)    Turns: 2518, Time: 00:15:09

Health: -7/28      AC:  5    Str: 12    XL:     3   Next: 60%
Magic:  6/6        EV: 11    Int: 12    God:
Gold:   33         SH:  0    Dex: 13    Spells: 3/6 levels left

rFire    . . .     SeeInvis .   e - -2 dagger (curse)
rCold    . . .     Gourm    .   (no shield)
rNeg     . . .     Faith    .   l - +0 ring mail
rPois    .         Spirit   .   (no helmet)
rElec    .         Reflect  .   (no cloak)
rCorr    .         Harm     .   (no gloves)
MR       .....                  (no boots)
Stlth    +.........             (no amulet)
Regen    0.1/turn               (no ring)
MPRegen  0.1/turn               (no ring)

@: no status effects
A: change form in water, swift swim, stealthy swim
a: no special abilities


You were on level 2 of the Dungeon.
You were very hungry.

You visited 1 branch of the dungeon, and saw 2 of its levels.

You collected 33 gold pieces.

Inventory:

Hand Weapons
 a - a +0 falchion
 e - a cursed -2 dagger (weapon)
 f - a +0 club
 m - a +0 hunting sling
Missiles
 g - 7 poisoned tomahawks (quivered)
 h - 2 curare-tipped needles
 i - 8 javelins
Armour
 b - a +0 leather armour
 l - a +0 ring mail (worn)
 o - a cursed +0 ring mail
 p - a cursed +0 pair of boots
Scrolls
 n - 3 scrolls of identify
Potions
 j - a potion of curing {unknown}
 k - 2 potions of lignification
Books
 c - a book of Battle

   Spells                             Type                      Level
   a - Infusion                       Charms                       1
   b - Shroud of Golubria             Charms/Translocation         2
   c - Song of Slaying                Charms                       2
   d - Spectral Weapon                Hexes/Charms                 3
   e - Regeneration                   Charms/Necromancy            3
Comestibles
 d - 4 bread rations


   Skills:
 + Level 2.5 Fighting
 + Level 0.2(1.9) Short Blades
 + Level 2.8 Long Blades
 + Level 1.2 Armour
 + Level 2.9 Dodging
 + Level 2.1 Spellcasting
 + Level 3.7 Charms


You had 3 spell levels left.
You knew the following spells:

 Your Spells              Type           Power        Failure   Level  Hunger
a - Infusion              Chrm           ##..         14%         1    ##.....
b - Song of Slaying       Chrm           ##......     21%         2    ###....


Dungeon Overview and Level Annotations

Branches:
Dungeon (2/15)

Altars:


Message History

You hit the worm.
The worm is moderately wounded.
You hit the worm.
The worm is moderately wounded.
The worm closely misses you.
You hit the worm but do no damage.
The worm is moderately wounded.
The worm bites you.
* * * LOW HITPOINT WARNING * * *
You hit the worm but do no damage.
The worm is moderately wounded.
Your ring mail prevents you from hitting the worm.
The worm is moderately wounded.
The worm misses you.
You hit the worm but do no damage.
The worm is moderately wounded.
You hit the worm but do no damage.
The worm is moderately wounded.
The worm bites you!
You die...

#........######'######..[.....#.
................................
.##############........##.###.##
.....##........##..##.#
.....''..............."
.....##.[<.....###..#.#. ....
#........# #.#.#.
.....##........# ....#
.#.....@.......# .. ..#
#....w#####...# #...%. ...#
#..... ..# #....# .# .%....
#..... #...!.


You could see a worm.

Vanquished Creatures
  An adder (D:2)
  2 leopard geckos (D:1)
  A giant cockroach (D:1)
  12 goblins
  3 hobgoblins (D:1)
  2 bats (D:1)
  A frilled lizard (D:1)
  3 kobolds
  3 rats (D:1)
28 creatures vanquished.

Notes
Turn   | Place    | Note
-------+----------+-------------------------------------------
     0 | D:1      | pTCGFNYNwU3Fd6TS the Merfolk Skald began the quest for the Orb.
     0 | D:1      | Reached XP level 1. HP: 16/16 MP: 3/3
   894 | D:1      | Reached XP level 2. HP: 20/22 MP: 5/5
  1417 | D:1      | Reached skill level 1 in Armour
  1531 | D:1      | Reached XP level 3. HP: 15/28 MP: 6/6
  1679 | D:1      | Learned a level 2 spell: Song of Slaying
  2514 | D:2      | HP: 1/28 [worm (6)]
  2518 | D:2      | Mangled by a worm

Skill      XL: |  1  2 |
---------------+-------+-----
Armour         | 1 |  1.2
Fighting       | |  2.5
Short Blades   | |  0.2
Long Blades    | |  2.8
Dodging        | |  2.9
Spellcasting   | |  2.1
Charms         | |  3.7

Action                   || total
-------------------------++-------
Melee: Falchion          ||    70
       Dagger            ||    79
 Cast: Infusion          ||     1
       Song of Slaying   ||     1
  Use: Scroll            ||     1
  Eat: Chunk             ||     4
Armor: Leather armour    ||    24
       Ring mail         ||    16
Dodge: Dodged            ||    77
       Rpst.: Falchion   ||     9
